 Dungeon Crawl Stone Soup version 0.32-a0-900-g30fb1b0edc (webtiles) character file.

Game seed: 16298561465853655079

39 Zebo the Chopper (level 3, -6/29 HPs)
             Began as a Coglin Berserker on Apr 5, 2024.
             Was a Follower of Trog.
             Killed from afar by Sigmund (9 damage)
             ... with a magic dart
             ... on level 2 of the Dungeon.
             The game lasted 00:01:29 (1066 turns).

Zebo the Chopper (Coglin Berserker)                 Turns: 1066, Time: 00:01:30

Health: -6/29      AC:  2    Str: 19    XL:     3   Next: 45%
Magic:  3/3        EV: 11    Int:  6    God:    Trog [*.....]
Gold:   69         SH:  0    Dex: 13    Spells: 2/2 levels left

rFire   . . .        a - +0 hand axe {Sextus}
rCold   . . .        k - +0 hand axe {Dube}
rNeg    . . .        b - +0 animal skin
rPois   .            (no helmet)
rElec   .            (no cloak)
rCorr   .            (no gloves)
SInv    .            (no boots)
Will    .....        (amulet unavailable)
Stlth   +            (ring unavailable)
HPRegen 0.24/turn    (ring unavailable)
MPRegen 0.08/turn    (no gizmo)

%: no passive effects
@: on berserk cooldown, slowed, revving, very slow
A: off-hand wielding, slow wielding, warmup strikes, no jewellery
a: Invent Gizmo, Renounce Religion, Berserk


You were on level 2 of the Dungeon.
You worshipped Trog.
Trog was aware of your devotion.
You visited 1 branch of the dungeon, and saw 2 of its levels.

You collected 69 gold pieces.

Inventory:

Hand Weapons
 a - a +0 hand axe (weapon) {Sextus}
 c - a +0 dagger {Ran}
 k - a +0 hand axe (offhand) {Dube}
Armour
 b - a +0 animal skin (worn)
 g - a +0 pair of gloves
Wands
 j - a wand of flame (10)
Scrolls
 d - a scroll of fog {unknown}
 e - a scroll of amnesia {unknown}
 f - a scroll of fear {unknown}
 h - a scroll of teleportation {unknown}
Potions
 i - a potion of lignification {unknown}


   Skills:
 - Level 3.0 Fighting
 + Level 4.4 Axes
 - Level 1.7 Armour
 - Level 1.7 Dodging


You had 2 spell levels left.
You didn't know any spells.
Your spell library was empty.

Dungeon Overview and Level Annotations

Branches:
Dungeon (2/15)

Altars:

Annotations:
D:2 Sigmund


Innate Abilities, Weirdness & Mutations

You can wield a second weapon in your off-hand.
It takes a long time for you to wield or remove held weapons.
Your first few attacks do less damage.
You cannot equip rings or amulets.


Message History

A red film seems to cover your vision as you go berserk!
You feel yourself moving faster!
You feel mighty!
You can no longer call upon Trog for regeneration and willpower.
You feel a strong urge to attack something.
Sigmund casts a spell.
Sigmund flickers and vanishes!
Deactivating autopickup; reactivate with Ctrl-A.
You hear some strange, mumbled words.
A puff of flame appears from out of thin air!
The puff of flame hits you!
* * * LOW HITPOINT WARNING * * *
You barely miss something with your +0 hand axe.
You hit something with your +0 hand axe.
You closely miss something with your +0 hand axe. x2
You hear some strange, mumbled words.
You are confused.
You hit something with your +0 hand axe.
You miss something with your +0 hand axe.
Something hits you!
* * * LOW HITPOINT WARNING * * *
You barely miss something with your +0 hand axe.
You completely miss something with your +0 hand axe.
Unknown command.
You bump into the rock wall.
You hear some strange, mumbled words.
A puff of flame appears from out of thin air!
The puff of flame hits you.
* * * LOW HITPOINT WARNING * * *
Unknown command.
You miss something with your +0 hand axe.
You barely miss something with your +0 hand axe.
Something hits you.
* * * LOW HITPOINT WARNING * * *
Unknown command.
You closely miss something with your +0 hand axe.
You barely miss something with your +0 hand axe.
Unknown command.
You bump into the rock wall.
You are no longer berserk.
You are exhausted.
You feel yourself slow down.
You bump into the rock wall.
Something hits you.
* * * LOW HITPOINT WARNING * * *
Unknown command.
You bump into the rock wall.
You feel less confused.
You hear some strange, mumbled words.
A magic dart appears from out of thin air!
The magic dart hits you!
You die...

############
##.@........#
#####.#{#........
#....###..#####.#
#.##..#.........#
########.#############.#
.........# ########.#
######.# #####......#


There were no monsters in sight!

Vanquished Creatures
  An adder (D:2)
  2 ball pythons (D:2)
  5 bats (D:1)
  4 endoplasms
  A giant cockroach (D:2)
  2 goblins
  2 hobgoblins (D:2)
  3 kobolds
  A quokka (D:2)
  A frilled lizard (D:1)
  5 rats
27 creatures vanquished.

Notes
Turn   | Place    | Note
-------+----------+-------------------------------------------
     0 | D:1      | Zebo the Coglin Berserker began the quest for the Orb.
     0 | D:1      | Reached XP level 1. HP: 18/18 MP: 1/1
   313 | D:1      | Reached XP level 2. HP: 24/24 MP: 2/2
   537 | D:1      | Noticed a great orb of eyes
   539 | D:1      | Found a faded altar of an unknown god.
   541 | D:1      | Noticed a shining eye
   541 | D:1      | Noticed a shining eye
   541 | D:1      | Noticed a great orb of eyes
   741 | D:2      | Reached skill level 4 in Axes
   741 | D:2      | Reached XP level 3. HP: 29/29 MP: 3/3
   957 | D:2      | Reached ** piety under Trog
  1042 | D:2      | Noticed Sigmund
  1066 | D:2      | Killed from afar by Sigmund

Illustrated notes

Levels and vault maps discovered:
D:1:      co_arrival_random_square_maze, layout_basic,
          hellmonk_ecumenical_altar_watching_god, st_stairs_14
D:2:      layout_loops_ring, uniq_crazy_yiuf_cottage, uniq_sigmund

Skill      XL: |  1  2 |
---------------+-------+-----
Axes           | 4 |  4.4
Fighting       | |  3.0
Armour         | |  1.7
Dodging        | |  1.7

Action                     || total
---------------------------++-------
  Melee: Hand axe          ||    73
         Dagger            ||    46
 Invoke: Berserk           ||     1
   Stab: Sleeping          ||     1
 Armour: Animal skin       ||    44
  Dodge: Dodged            ||    32

Table legend: (Time is in decaauts)
 A = Elapsed time spent in this place.
 B = Non-inter-level travel time spent in this place.
 C = Inter-level travel time spent in this place.
 D = Time resting spent in this place.
 E = Time spent auto-exploring this place.
 F = Levels seen in this place.
 G = Mean time per level.
                   A        B        C        D        E       F      G
               +--------+--------+--------+--------+--------+-----+--------+
         Total |   1066 |   1026 |     40 |      0 |    828 |   2 |  533.0 |
       Dungeon |   1066 |   1026 |     40 |      0 |    828 |   2 |  533.0 |
               +--------+--------+--------+--------+--------+-----+--------+

Top non-repeatable levels by time:
     D:1: 675 daAuts
     D:2: 390 daAuts
